 Dungeon Crawl Stone Soup version 0.28-a0-925-gd5e1996cdb (webtiles) character file.

Game seed: 17965315400058692694

8806 AvatarAndi78 the Cleaver (level 11, 0/76 HPs)
             Began as a Minotaur Berserker on Nov 26, 2021.
             Was a Priest of Trog.
             Slain by an unseen horror (1 damage)
             ... on level 1 of the Abyss.
             The game lasted 00:28:58 (12243 turns).

AvatarAndi78 the Cleaver (Minotaur Berserker)      Turns: 12243, Time: 00:28:58

Health: 0/76       AC: 16    Str: 15 (18) XL:     11   Next: 14%
Magic:  6/6        EV: 10    Int:  0      God:    Trog [***...]
Gold:   326        SH:  9    Dex:  8 (9)  Spells: 10/10 levels left

rFire   + . .      SeeInvis .   j - +1 war axe (flame)
rCold   . . .      Faith    .   b - +0 kite shield
rNeg    . . .      Spirit   .   k - +0 chain mail
rPois   .          Reflect  .   (helmet restricted)
rElec   .          Harm     .   t - +2 cloak {Stlth+}
rCorr   .          Rampage  .   u - +0 pair of gloves
Will    .....      Rage     3%  (no boots)
Stlth   ..........              (no amulet)
HPRegen 0.00/turn               r - +4 ring of evasion
MPRegen 0.10/turn               y - ring of protection from fire

@: inhibited regen, slowed, lost intelligence, unable to read, very slow
A: horns 2, retaliatory headbutt, [berserk 2], [clumsy 2], [deterioration 2],
[dopey 2], [frail 2], [low mp 3], [inhibited regeneration], [weak 2], [inability
to read while threatened]
a: Renounce Religion, Berserk, Trog's Hand


You were on level 1 of the Abyss.
You worshipped Trog.
Trog was most pleased with you.
You visited 1 branch of the dungeon, and saw 10 of its levels.
You visited the Abyss 1 time.
You also visited: Bailey.

You collected 550 gold pieces.
You spent 224 gold pieces at shops.

Inventory:

Hand Weapons
 d - the +7 dagger "Demonslayer" {speed, rC++}
   (You found it on level 5 of the Dungeon)

   Attacks with this weapon are significantly faster.
   rC:        It greatly protects you from cold.
 g - the +1 morningstar "Seinnef" {freeze, Dex+4}
   (You found it in a bailey)

   It freezes those it strikes, dealing additional cold damage.
   It can also slow down cold-blooded creatures.
   Dex:       It affects your dexterity (+4).
 h - a +3 spear
 j - a +1 war axe of flaming (weapon)
Missiles
 o - 2 javelins (quivered)
Armour
 b - a +0 kite shield (worn)
 k - a +0 chain mail (worn)
 t - a +2 cloak of stealth (worn)
 u - a +0 pair of gloves (worn)
Jewellery
 r - a +4 ring of evasion (left hand)
 y - a ring of protection from fire (right hand)
Wands
 l - a wand of polymorph (27)
 p - a wand of digging (12)
 q - a wand of flame (22)
 x - a wand of mindburst (12)
 z - a wand of iceblast (12)
Scrolls
 c - a scroll of blinking {unknown}
 e - a scroll of enchant armour
 m - a scroll of teleportation
Potions
 f - 5 potions of curing
 i - 3 potions of heal wounds
 A - a potion of flight
Miscellaneous
 a - a phantom mirror
 n - a piece from Xom's chessboard (15/15)


   Skills:
 + Level 8.4 Fighting
 + Level 11.4(12.6) Axes
 + Level 7.5(10.5) Maces & Flails
 + Level 3.7(8.2) Polearms
 + Level 0.2 Throwing
 + Level 10.7 Armour
 + Level 4.7 Dodging
 + Level 1.0 Stealth
 + Level 6.7 Shields
 + Level 1.1 Evocations


You had 10 spell levels left.
You didn't know any spells.
Your spell library was empty.

Dungeon Overview and Level Annotations

Branches:
Dungeon (10/15)            Temple (0/1) D:6          Bailey (visited)
   Lair: D:8-11         Orc: D:9-12

Altars:
Kikubaaqudgha
Lugonu

Shops:
D:4 [   D:6 *   D:7 *

Portals:
Abyss: D:3

Annotations:
D:10 Psyche


Innate Abilities, Weirdness & Mutations

You have a pair of horns on your head.
You reflexively headbutt those who attack you in melee.
[You often lose your temper in combat.]
[You are very clumsy. (Dex -4)]
[Your body often deteriorates upon taking damage.]
[You are very dopey. (Int -4)]
[You are very frail. (-20% HP)]
[Your magical capacity is extremely low. (-30% MP)]
[You do not regenerate when monsters are visible.]
[You are very weak. (Str -4)]
[You sometimes lose the ability to read scrolls when taking damage.]


Message History

You now have 326 gold pieces (gained 9).
The small abomination hits you! The small abomination hits you.
Okay, then.
The wretched star pulses with an eldritch light!
You feel yourself wasting away.
You feel your body start to fall apart.
The wretched star glows turbulently.
The lance of force hits you.
You are knocked back by the lance of force.
You slam into the rock wall!
You feel threatened and lose the ability to read scrolls!
The wretched star pulses with an eldritch light!
You feel weaker. x2
The wretched star pulses with an eldritch light!
You feel less energetic. x3
Something hits you but does no damage.
Deactivating autopickup; reactivate with Ctrl-A.
Something hits you but does no damage. x2
You barely miss something.
Something hits you but does no damage. x2
Something hits you but does no damage. Something hits you.
The wretched star pulses with an eldritch light!
Your regeneration stops near monsters.
Something barely misses you. Something hits you but does no damage.
The wretched star glows turbulently.
The lance of force misses you.
The wretched star glows turbulently.
You block the lance of force. Something hits you.
The wretched star pulses with an eldritch light!
You feel clumsy. x2
Something completely misses you. Something hits you but does no damage.
The wretched star glows turbulently.
The lance of force hits you!!
* * * LOW HITPOINT WARNING * * *
You are knocked back by the lance of force.
You slam into the rock wall!
* * * LOW HITPOINT WARNING * * *
Something hits you but does no damage. Something hits you.
You die...

...... ##.......
### ###.......#
...##........#
..#........## #
##..........#
..#.##.#.........#
## #........*..#
### #
####..@.##.## .
...# #....###.##
..#... #....#
##x##.. #
#....##..#...
#...##
#.#.#..##.##
##.###
.##..##..#.#. .#
...# #x.#..#.... #
..#..#.#..#.#. . .
##.#..#. ..


You could see a wretched star.

Vanquished Creatures
  A two-headed ogre (D:10)
  An orc knight (Bailey)
  A kobold demonologist (D:8)
  2 trolls
  2 hornets
  Prince Ribbit (D:6)
  Sigmund (D:6)
  A wyvern (D:9)
  A vampire (D:9)
  9 yaks
  Menkaure (D:4)
  2 water moccasins
  An acid dragon (D:9)
  12 orc warriors
  5 ice beasts
  A black bear (D:4)
  3 ogres
  3 centaurs
  A phantom (D:4)
  2 bullfrogs
  A gnoll sergeant (D:5)
  4 scorpions
  2 water moccasin skeletons
  5 wights (D:7)
  4 howler monkeys
  A bullfrog zombie (D:5)
  3 centaur zombies
  A bullfrog skeleton (D:7)
  2 centaur skeletons
  A hound (D:4)
  6 orc priests
  Crazy Yiuf (D:5)
  3 gnoll shamans
  3 iguanas
  6 orc wizards
  A killer bee zombie (D:7)
  A hound zombie (D:5)
  A hound skeleton (D:5)
  13 gnolls
  A howler monkey skeleton (D:4)
  7 adders
  3 shadow imps
  3 white imps
  An ufetubus (D:5)
  2 adder skeletons
  2 worms
  7 dart slugs
  45 orcs
  4 ball pythons
  3 bats
  7 endoplasms
  6 giant cockroaches
  5 goblins
  10 hobgoblins
  4 jackals (D:1)
  8 quokkas
  2 frilled lizards
  11 kobolds
  4 rats
245 creatures vanquished.

Vanquished Creatures (others)
  A lurking horror (D:3)
  7 plants (D:2)
8 creatures vanquished.

Grand Total: 253 creatures vanquished

Notes
Turn   | Place    | Note
-------+----------+-------------------------------------------
     0 | D:1      | AvatarAndi78 the Minotaur Berserker began the quest for the
                  | Orb.
     0 | D:1      | Reached XP level 1. HP: 19/19 MP: 0/0
   104 | D:1      | Found a faded altar of an unknown god.
   175 | D:1      | Reached XP level 2. HP: 25/27 MP: 1/1
   253 | D:1      | Reached skill level 4 in Axes
   766 | D:1      | Reached ** piety under Trog
   767 | D:1      | Reached XP level 3. HP: 33/33 MP: 2/2
  1268 | D:2      | You fall into a shaft and drop 1 floor!
  1537 | D:3      | Reached skill level 5 in Axes
  1537 | D:3      | Reached XP level 4. HP: 40/41 MP: 3/3
  2504 | D:2      | Reached XP level 5. HP: 47/47 MP: 4/4
  3101 | D:3      | Found a corrupted altar of Lugonu.
  3102 | D:3      | Found a one-way gate to the infinite horrors of the Abyss.
  3517 | D:4      | Reached skill level 6 in Axes
  3549 | D:4      | Reached XP level 6. HP: 30/53 MP: 5/5
  3890 | D:4      | Reached skill level 1 in Shields
  3893 | D:4      | Reached skill level 5 in Fighting
  3893 | D:4      | Reached skill level 7 in Axes
  4190 | D:4      | Reached *** piety under Trog
  4191 | D:4      | Reached XP level 7. HP: 61/61 MP: 6/6
  4238 | D:4      | Reached skill level 5 in Armour
  4453 | D:4      | Found Daniel's Dragon-Slaying Spoils.
  4520 | D:4      | Noticed Menkaure
  4530 | D:4      | Killed Menkaure
  4531 | D:4      | Reached skill level 8 in Axes
  4892 | D:5      | Entered Level 5 of the Dungeon
  5132 | D:5      | Reached XP level 8. HP: 69/70 MP: 7/7
  5437 | D:5      | Reached skill level 9 in Axes
  6116 | D:5      | Identified the +7 dagger "Demonslayer" {speed, rC++}
  6482 | D:5      | Found a runed translucent door.
  6483 | D:5      | Noticed Crazy Yiuf
  6758 | D:5      | Killed Crazy Yiuf
  6911 | D:6      | Found a staircase to the Ecumenical Temple.
  6915 | D:6      | Reached skill level 10 in Axes
  6915 | D:6      | Reached XP level 9. HP: 78/78 MP: 8/8
  7127 | D:6      | Found Imaosuwe's Assorted Antiques.
  7127 | D:6      | Noticed Prince Ribbit
  7132 | D:6      | Noticed Sigmund
  7158 | D:6      | Killed Sigmund
  7158 | D:6      | Killed Prince Ribbit
  7265 | D:6      | Bought a pair of gloves for 126 gold pieces
  7340 | D:6      | Reached **** piety under Trog
  7439 | D:7      | Found Doefimen's General Store.
  7446 | D:7      | Bought a scroll of identify for 28 gold pieces
  7446 | D:7      | Bought a potion of heal wounds for 70 gold pieces
  7642 | D:7      | Found a flagged portal.
  7651 | Bailey   | Entered a bailey
  7651 | Bailey   | Noticed an orc knight
  7917 | Bailey   | Killed an orc knight
  7918 | Bailey   | Reached skill level 11 in Axes
  7918 | Bailey   | Reached skill level 5 in Shields
  7945 | Bailey   | Reached skill level 1 in Polearms
  8484 | Bailey   | Reached XP level 10. HP: 86/86 MP: 9/9
  8590 | Bailey   | Found the +10 Black Knight's barding {ponderous, rPois rN+}
  8608 | Bailey   | Identified the +1 morningstar "Seinnef" {freeze, Dex+4}
  8995 | D:7      | Reached skill level 1 in Evocations
  9022 | D:7      | Reached skill level 1 in Maces & Flails
  9325 | D:8      | Reached skill level 10 in Armour
  9371 | D:8      | Noticed a sixfirhy
  9381 | D:8      | HP: 4/86 [sixfirhy[a kobold demonologist] (11)]
  9929 | D:8      | Reached skill level 5 in Maces & Flails
 10617 | D:8      | Noticed a rust devil
 11354 | D:9      | Found an ancient bone altar of Kikubaaqudgha.
 11415 | D:9      | Reached XP level 11. HP: 94/94 MP: 10/10
 12148 | D:10     | Entered Level 10 of the Dungeon
 12195 | D:10     | Noticed Psyche
 12195 | D:10     | Noticed a two-headed ogre
 12201 | D:10     | Killed a two-headed ogre
 12202 | D:10     | Reached skill level 1 in Stealth
 12205 | D:10     | Cast into level 1 of the Abyss (Psyche)
 12212 | Abyss:1  | Noticed a wretched star
 12216 | Abyss:1  | Found a corrupted altar of Lugonu.
 12225 | Abyss:1  | Lost intelligence.
 12242 | Abyss:1  | HP: 1/76 [rock wall collision (9)]
 12243 | Abyss:1  | Slain by an unseen horror

Illustrated notes

Levels and vault maps discovered:
D:1:      matt_arrival_los_fun, layout_loops_ring,
          ebering_ecumenical_altar_abandoned, serial_forest,
          infiniplex_forest_clump_diagonal, infiniplex_forest_straight_2,
          infiniplex_forest_lined_ring, infiniplex_forest_clump_medium,
          infiniplex_forest_end_2, infiniplex_forest_straight_4,
          infiniplex_forest_lined_corner
D:2:      mumra_celtic_spiral_tile, layout_loops_ring, serial_bayou_pond_b
D:3:      layout_basic, amcnicky_altar_lugonu_corruption
D:4:      layout_rooms, enter_ossuary_5, st_stairs_9, nicolae_shop_dragon_depot,
          grunt_ministairs_5, uniq_menkaure
D:5:      minmay_thinvault, layout_cave_pods, serial_bayou_pond_a,
          uniq_crazy_yiuf_cottage
D:6:      layout_rooms, minmay_temple_entry_drinking_statues, serial_shops,
          nicolae_shop_stone, chequers_serial_rivers_small_a,
          uniq_prince_ribbit1, uniq_sigmund
D:7:      layout_loops_ring, serial_shops, nicolae_shop_hallway_stairs,
          enter_bailey_8
D:8:      layout_layer_cave
D:9:      layout_loops_ring, nicolae_kikubaaqudgha_miasma_corner,
          minmay_strange_pillars
D:10:     layout_roguey, lair_entry_dummy, serial_shops, nicolae_diamond_shop,
          uniq_psyche
Abyss:1:  base:
D:5

Skill      XL: |  1  2  3  4  5  6  7  8  9 10 11 |
---------------+----------------------------------+-----
Fighting       | 4 5 6 7 8 |  8.4
Axes           | 4 5 6 7 8 10 11 | 11.4
Armour         | 3 4 5 7 9 10 | 10.7
Dodging        | 3 4 |  4.7
Shields        | 1 2 3 5 6 |  6.7
Polearms       | 2 3 |  3.7
Evocations     | 1 |  1.1
Maces & Flails | 7 |  7.5
Stealth        | 1 |  1.0
Throwing       | |  0.2

Action                   |  1- 3 |  4- 6 |  7- 9 | 10-12 || total
-------------------------+-------+-------+-------+-------++-------
Melee: Hand axe          |    75 |     9 |       |       ||    84
       Headbutt          |    17 |    26 |    40 |    54 ||   137
       War axe           |       |   134 |   223 |    26 ||   383
       Halberd           |       |       |    34 |       ||    34
       Morningstar       |       |       |       |   170 ||   170
Throw: Javelin           |       |       |     1 |       ||     1
Invok: Trog's Hand       |     1 |     2 |     7 |     4 ||    14
       Berserk           |       |     4 |     5 |     2 ||    11
       Brothers in Arms  |       |       |       |     1 ||     1
Evoke: Wand              |       |       |    10 |       ||    10
  Use: Scroll            |       |     5 |     7 |     3 ||    15
       Potion            |       |     1 |     1 |     1 ||     3
Armor: Animal skin       |    13 |       |       |       ||    13
       Ring mail         |    10 |       |       |       ||    10
       Chain mail        |       |    87 |   121 |    75 ||   283
Dodge: Dodged            |    30 |    37 |   145 |    81 ||   293
Block: Kite shield       |     4 |    53 |   139 |   102 ||   298

Table legend: (Time is in decaauts)
 A = Elapsed time spent in this place.
 B = Non-inter-level travel time spent in this place.
 C = Inter-level travel time spent in this place.
 D = Time resting spent in this place.
 E = Time spent auto-exploring this place.
 F = Levels seen in this place.
 G = Mean time per level.
                   A        B        C        D        E       F      G
               +--------+--------+--------+--------+--------+-----+--------+
         Total |  12558 |  12159 |    399 |      0 |  10149 |  12 | 1046.5 |
       Dungeon |  11227 |  10828 |    399 |      0 |   9111 |  10 | 1122.7 |
         Abyss |     44 |     44 |      0 |      0 |      6 |   1 |   44.0 |
        Bailey |   1286 |   1286 |      0 |      0 |   1032 |   1 | 1286.0 |
               +--------+--------+--------+--------+--------+-----+--------+

Top non-repeatable levels by time:
     D:5: 1812 daAuts
     D:4: 1630 daAuts
     D:8: 1365 daAuts
     D:3: 1287 daAuts
  Bailey: 1286 daAuts
     D:1: 1208 daAuts
     D:9: 1159 daAuts
     D:2: 1075 daAuts
     D:7: 993 daAuts
     D:6: 637 daAuts
    D:10: 57 daAuts
 Abyss:1: 44 daAuts
